 Dungeon Crawl Stone Soup version 0.31-a0-640-g39d97e502b (webtiles) character file.

Game seed: 1153892515103675390

4133 qw the Skirmisher (level 10, -6/64 HPs)
             Began as a Gargoyle Hunter on Aug 27, 2023.
             Killed by divine providence
             ... invoked by an orc priest
              (17 damage)
             ... on level 7 of the Dungeon.
             The game lasted 00:03:26 (6702 turns).

qw the Skirmisher (Gargoyle Hunter)                 Turns: 6702, Time: 00:03:26

Health: -6/64      AC: 13    Str: 18    XL:     10   Next: 27%
Magic:  10/10      EV: 19    Int: 11    God:
Gold:   350        SH:  0    Dex: 17    Spells: 9/9 levels left

rFire   + . .        b - +7 arbalest of an ice cave {drain, rElec Str+4}
rCold   + . .        (shield currently unavailable)
rNeg    + . .        a - +1 robe "Suucsuum" {Drain rC++}
rPois   inf          f - +1 helmet
rElec   +            (no cloak)
rCorr   .            n - +0 pair of gloves
SInv    .            (no boots)
Will    .....        (no amulet)
Stlth   ++           c - +5 ring of evasion
HPRegen 0.30/turn    e - ring of fire
MPRegen 0.12/turn

%: no passive effects
@: weakened
A: sickness immunity, AC +7, negative energy resistance 1, electricity
resistance, torment resistance 1, petrification resistance
a: no special abilities


You were on level 7 of the Dungeon.
You visited 2 branches of the dungeon, and saw 8 of its levels.
You also visited: Sewer.

You collected 390 gold pieces.
You spent 40 gold pieces at shops.


Innate Abilities, Weirdness & Mutations

You are immune to sickness and miasma.
Your stone body is resilient. (AC +7)
You are immune to poison.
You resist negative energy. (rN+)
You are resistant to electric shocks. (rElec)
You are resistant to unholy torment.
You are immune to petrification.


   Skills:
 - Level 8.0 Fighting
 + Level 12.3 Ranged Weapons
 - Level 2.7 Armour
 - Level 4.0 Dodging
 - Level 1.1 Stealth


You had 9 spell levels left.
You didn't know any spells.
Your spell library was empty.

Inventory:

Hand Weapons
 b - the +7 arbalest of an ice cave (weapon) {drain, rElec Str+4}
   (You found it on level 5 of the Dungeon)

   Str+4:     It affects your strength (+4).
   rElec:     It insulates you from electricity.
Armour
 a - the +1 robe "Suucsuum" (worn) {Drain rC++}
   (You found it on level 2 of the Dungeon)

   rC++:      It greatly protects you from cold.
   Drain:     It drains your maximum health when unequipped.
 f - a +1 helmet (worn)
 l - a +2 ring mail of poison resistance
 n - a +0 pair of gloves (worn)
Jewellery
 c - a +5 ring of evasion (left hand)
 e - a ring of fire (right hand)
Scrolls
 d - 2 scrolls of identify
 j - a scroll of brand weapon {unknown}
 m - 2 scrolls of teleportation
Potions
 g - a potion of curing
 h - 2 potions of enlightenment
 i - a potion of mutation
 k - a potion of might
 o - a potion of haste {unknown}

Dungeon Overview and Level Annotations

Branches:
Dungeon (7/15)             Temple (1/1) D:4           Sewer (visited)

Altars:
Ashenzari
Elyvilon
Gozag
Hepliaklqana
Kikubaaqudgha
Qazlal
Ru
Sif Muna
Uskayaw
Vehumet
Wu Jian
Zin
The Shining One

Shops:
D:1 ?   D:5 :

Annotations:
D:3 1 runed translucent door, Crazy Yiuf


Message History

The gnoll hits you from afar with a +0 spear.
You shoot a bolt. The bolt hits the orc warrior!
You drain the orc warrior.
The orc warrior is almost dead.
The gnoll hits you but does no damage.
The gnoll bouda hits you with a +0 club.
The orc warrior completely misses you. The orc misses you.
The gnoll misses you. The gnoll closely misses you. x3
You shoot a bolt.
The bolt closely misses the orc warrior.
The gnoll bouda hits you but does no damage.
The orc warrior completely misses you. The orc closely misses you.
The gnoll barely misses you. x2; The gnoll hits you but does no damage.
The gnoll bouda barks out a call to the hunt!
The gnoll picks up the pace!
The orc warrior closely misses you. The gnoll hits you but does no damage.
The orc misses you. The gnoll misses you.
You shoot a bolt.
The bolt closely misses the orc warrior.
The gnoll closely misses you. The gnoll hits you but does no damage.
The gnoll bouda gazes fiercely through you!
You feel your attacks grow feeble. The gnoll bouda misses you.
The orc warrior hits you but does no damage.
The orc completely misses you. The gnoll misses you.
The gnoll completely misses you. The gnoll closely misses you.
You shoot a bolt.
The bolt closely misses the orc warrior.
The gnoll barely misses you. The gnoll bouda barely misses you.
The orc warrior completely misses you. The orc hits you but does no damage.
The gnoll hits you but does no damage. The gnoll barely misses you. x3
You shoot a bolt. The bolt hits the orc warrior!
You kill the orc warrior!
The gnoll is no longer moving quickly.
The gnoll bouda misses you. The orc hits you but does no damage.
The gnoll hits you from afar with a +0 spear.
The gnoll hits you from afar with a +0 spear!
The gnoll misses you. The gnoll bouda misses you.
The orc priest calls down the wrath of Beogh upon you.
Beogh smites you!
You die...

###.#### #.....##.7..
~~~# ##.#...#7....
.~~~~# ####..##....
#.~~~~# ##..#7....
#..~~~# #..###..o'
#...~~#
##..>#..g####..~~~#
##..#..ggg)..~~~~#
#'###..g@....~~~#
#...#..oo)...~~~#
#..)#..####..~~~#
#...#..# #..~~~# #
#''##..# #.~~~~# #.#
#...P..#+##.~.~~#
#P.##.............~~#
#..#............~~~#
7..P......P.....~~~#


You could see an orc warrior, a gnoll bouda, an orc priest, 4 gnolls and an orc.

Vanquished Creatures
  Pikel (D:6)
  A hornet (D:7)
  Grinder (D:3)
  A wyvern (D:7)
  A steam dragon (D:6)
  Menkaure (D:7)
  3 water moccasins
  An ice beast (D:7)
  A black bear (D:6)
  3 orc warriors (D:7)
  3 ogres (D:5)
  A centaur (D:7)
  A phantom (D:4)
  4 kobold brigands
  A gnoll sergeant (D:5)
  4 scorpions
  A jelly (D:6)
  3 gnoll boudas
  2 orc priests (D:7)
  4 hounds
  Natasha (thrice) (D:2)
  2 sleepcaps (D:6)
  Terence (D:3)
  5 iguanas
  7 orc wizards
  Robin (D:2)
  15 gnolls
  13 adders
  5 river rats
  2 white imps
  4 worms
  2 dart slugs
  10 orcs
  16 ball pythons
  7 endoplasms
  2 giant cockroaches
  15 goblins
  7 hobgoblins
  8 jackals
  4 quokkas
  4 bats
  9 frilled lizards
  14 kobolds
  6 rats
200 creatures vanquished.

Vanquished Creatures (collateral kills)
  A jelly (D:5)
1 creature vanquished.

Grand Total: 201 creatures vanquished

Notes
Turn   | Place    | Note
-------+----------+-------------------------------------------
     0 | D:1      | qw the Gargoyle Hunter began the quest for the Orb.
     0 | D:1      | Reached XP level 1. HP: 12/12 MP: 1/1
     0 | D:1      | 0 ||| qw: Version: 0.3-a-74-g56b0e0c
     0 | D:1      | 0 ||| qw: Game counter: 5
     0 | D:1      | 0 ||| qw: Melee chars always use a shield: true
     0 | D:1      | 0 ||| qw: God list: Okawaru
     0 | D:1      | 0 ||| qw: Allow faded altars: false
     0 | D:1      | 0 ||| qw: Do Orc after clearing Dungeon:15 true
     0 | D:1      | 0 ||| qw: Do second Lair branch before Depths: true
     0 | D:1      | 0 ||| qw: Lair rune preference: random
     0 | D:1      | 0 ||| qw: Goals: Normal
     0 | D:1      | 0 ||| PLANNING D:1-11
   135 | D:1      | Reached XP level 2. HP: 17/17 MP: 2/2
   189 | D:1      | Found Dikytho Saxt's Magic Scroll Boutique.
   197 | D:1      | 197 ||| BUYING scroll of identify (20 gold).
   197 | D:1      | Bought a scroll of identify for 20 gold pieces
   197 | D:1      | 197 ||| BUYING scroll of identify (20 gold).
   197 | D:1      | Bought a scroll of identify for 20 gold pieces
   197 | D:1      | 197 ||| SHOPLISTING scroll of identify (20 gold, have 8).
   369 | D:1      | Reached XP level 3. HP: 21/21 MP: 3/3
   496 | D:1      | 496 ||| READING 2 scrolls labelled GOS NEQAECLI.
   497 | D:1      | 497 ||| DRINKING 2 sedimented dark potions.
   498 | D:1      | 498 ||| READING 3 scrolls of identify.
   498 | D:1      | 498 ||| IDENTIFYING sapphire potion
   499 | D:1      | 499 ||| READING 2 scrolls of identify.
   499 | D:1      | 499 ||| IDENTIFYING murky grey potion
   500 | D:1      | 500 ||| DROPPING scroll of vulnerability.
   501 | D:1      | 501 ||| DROPPING scroll of butterflies.
   502 | D:1      | 502 ||| DROPPING potion of lignification.
   538 | D:2      | Reached skill level 5 in Ranged Weapons
   568 | D:2      | Identified the +1 robe "Suucsuum" {Drain rC++}
   811 | D:2      | Reached skill level 3 in Fighting
   880 | D:2      | Noticed Robin
   886 | D:2      | Reached XP level 4. HP: 28/28 MP: 4/4
   887 | D:2      | Noticed Natasha
   890 | D:2      | 890 ||| Stepping ~*~*~tactically~*~*~ (retreating).
   891 | D:2      | 891 ||| Stepping ~*~*~tactically~*~*~ (retreating).
   894 | D:2      | 894 ||| Stepping ~*~*~tactically~*~*~ (retreating).
   895 | D:2      | 895 ||| Stepping ~*~*~tactically~*~*~ (retreating).
   896 | D:2      | 896 ||| Stepping ~*~*~tactically~*~*~ (retreating).
   897 | D:2      | 897 ||| Stepping ~*~*~tactically~*~*~ (retreating).
   898 | D:2      | 898 ||| Stepping ~*~*~tactically~*~*~ (retreating).
   899 | D:2      | 899 ||| Stepping ~*~*~tactically~*~*~ (retreating).
   900 | D:2      | 900 ||| Stepping ~*~*~tactically~*~*~ (retreating).
   901 | D:2      | 901 ||| Stepping ~*~*~tactically~*~*~ (retreating).
   908 | D:2      | HP: 5/28 [cerulean imp/+2 spear[Natasha] (5)]
   909 | D:2      | 909 ||| DRINKING potion of heal wounds.
   910 | D:2      | Killed Natasha
   916 | D:2      | Killed Robin
   970 | D:2      | Noticed Natasha
   974 | D:2      | Killed Natasha
   975 | D:2      | Reached XP level 5. HP: 29/32 MP: 5/5
  1006 | D:2      | Reached skill level 6 in Ranged Weapons
  1364 | D:2      | Noticed Natasha
  1374 | D:2      | Killed Natasha
  1741 | D:2      | 1741 ||| UPGRADING to +1 robe "Suucsuum" {Drain rC++}.
  1751 | D:2      | 1751 ||| DROPPING +0 leather armour.
  1752 | D:2      | 1752 ||| UPGRADING to +1 helmet.
  1757 | D:2      | 1757 ||| UPGRADING to +0 pair of gloves.
  1762 | D:2      | 1762 ||| READING 2 scrolls labelled TUJ SETHAMOMM.
  1763 | D:2      | 1763 ||| READING scroll labelled MAERIT LUAXO.
  1764 | D:2      | 1764 ||| READING scroll labelled JUADWEO AXAKKI.
  1765 | D:2      | 1765 ||| READING scroll labelled PERREEDDAKK.
  1766 | D:2      | 1766 ||| DRINKING 2 fizzy orange potions.
  1767 | D:2      | 1767 ||| DRINKING 2 puce potions.
  1872 | D:2      | 1872 ||| READING 2 scrolls of identify.
  1872 | D:2      | 1872 ||| IDENTIFYING metallic cyan potion
  1873 | D:2      | 1873 ||| DROPPING potion of invisibility.
  1874 | D:2      | 1874 ||| DROPPING scroll of revelation.
  1875 | D:2      | 1875 ||| DROPPING potion of berserk rage.
  2020 | D:3      | Found a runed translucent door.
  2021 | D:3      | Noticed Crazy Yiuf
  2075 | D:3      | Noticed Terence
  2091 | D:3      | Killed Terence
  2092 | D:3      | Reached skill level 1 in Armour
  2156 | D:3      | Reached XP level 6. HP: 34/38 MP: 6/6
  2197 | D:3      | 2197 ||| DROPPING +2 sling of freezing.
  2221 | D:3      | Noticed Grinder
  2222 | D:3      | 2222 ||| FLEEEEING.
  2228 | D:3      | 2228 ||| FLEEEEING.
  2229 | D:3      | 2229 ||| FLEEEEING.
  2230 | D:3      | 2230 ||| FLEEEEING.
  2231 | D:3      | 2231 ||| FLEEEEING.
  2232 | D:3      | 2232 ||| FLEEEEING.
  2244 | D:3      | 2244 ||| FLEEEEING.
  2278 | D:3      | 2278 ||| FLEEEEING.
  2279 | D:3      | 2279 ||| FLEEEEING.
  2280 | D:3      | 2280 ||| FLEEEEING.
  2281 | D:3      | 2281 ||| FLEEEEING.
  2282 | D:3      | 2282 ||| FLEEEEING.
  2283 | D:3      | 2283 ||| FLEEEEING.
  2284 | D:3      | 2284 ||| FLEEEEING.
  2285 | D:3      | 2285 ||| FLEEEEING.
  2286 | D:3      | 2286 ||| FLEEEEING.
  2287 | D:3      | 2287 ||| FLEEEEING.
  2288 | D:3      | 2288 ||| FLEEEEING.
  2289 | D:3      | 2289 ||| STAIRDANCE
  2297 | D:2      | 2297 ||| READING scroll labelled RONIYT FEGUOQ.
  2305 | D:3      | Paralysed by Grinder for 5 turns
  2312 | D:3      | HP: 9/38 [Grinder/nerve-wracking pain (6)]
  2314 | D:3      | 2314 ||| STAIRDANCE
  2424 | D:3      | Paralysed by Grinder for 3 turns
  2429 | D:3      | Killed Grinder
  2430 | D:3      | Reached skill level 7 in Ranged Weapons
  2771 | D:3      | Reached XP level 7. HP: 43/43 MP: 7/7
  2892 | D:3      | 2892 ||| UPGRADING to +5 ring of evasion.
  3066 | D:4      | Found a staircase to the Ecumenical Temple.
  3067 | D:4      | 3067 ||| PLANNING TEMPLE
  3067 | D:4      | 3067 ||| UPGRADING to ring of fire.
  3076 | Temple   | Entered the Ecumenical Temple
  3077 | Temple   | 3077 ||| PLANNING D:1-11
  3676 | D:4      | 3676 ||| READING scroll labelled KIXEWOZ LAOF.
  3679 | D:4      | 3679 ||| READING 2 scrolls of identify.
  3679 | D:4      | 3679 ||| IDENTIFYING metallic puce potion
  3682 | D:5      | Entered Level 5 of the Dungeon
  3854 | D:5      | Identified the +2 leather armour of Qihod {Int+2}
  3879 | D:5      | Reached skill level 8 in Ranged Weapons
  3893 | D:5      | Found Orphad's Book Emporium.
  4055 | D:5      | Reached XP level 8. HP: 25/49 MP: 8/8
  4255 | D:5      | 4255 ||| FLEEEEING.
  4256 | D:5      | 4256 ||| FLEEEEING.
  4257 | D:5      | 4257 ||| FLEEEEING.
  4289 | D:5      | 4289 ||| Stepping ~*~*~tactically~*~*~ (outnumbered).
  4291 | D:5      | 4291 ||| Stepping ~*~*~tactically~*~*~ (outnumbered).
  4306 | D:5      | 4306 ||| DRINKING 2 potions of curing.
  4306 | D:5      | 4306 ||| (to cure confusion)
  4351 | D:5      | Noticed a wyvern
  4367 | D:5      | 4367 ||| Stepping ~*~*~tactically~*~*~ (retreating).
  4369 | D:5      | 4369 ||| Stepping ~*~*~tactically~*~*~ (retreating).
  4370 | D:5      | 4370 ||| Stepping ~*~*~tactically~*~*~ (retreating).
  4371 | D:5      | 4371 ||| Stepping ~*~*~tactically~*~*~ (retreating).
  4372 | D:5      | 4372 ||| Stepping ~*~*~tactically~*~*~ (retreating).
  4373 | D:5      | 4373 ||| Stepping ~*~*~tactically~*~*~ (retreating).
  4379 | D:5      | 4379 ||| Stepping ~*~*~tactically~*~*~ (retreating).
  4380 | D:5      | 4380 ||| Stepping ~*~*~tactically~*~*~ (retreating).
  4390 | D:5      | Reached skill level 9 in Ranged Weapons
  4414 | D:5      | Reached skill level 6 in Fighting
  4417 | D:5      | 4417 ||| FLEEEEING.
  4418 | D:5      | 4418 ||| FLEEEEING.
  4424 | D:5      | 4424 ||| FLEEEEING.
  4425 | D:5      | 4425 ||| FLEEEEING.
  4426 | D:5      | 4426 ||| FLEEEEING.
  4427 | D:5      | 4427 ||| FLEEEEING.
  4448 | D:5      | 4448 ||| FLEEEEING.
  4449 | D:5      | 4449 ||| FLEEEEING.
  4450 | D:5      | 4450 ||| FLEEEEING.
  4451 | D:5      | 4451 ||| FLEEEEING.
  4452 | D:5      | 4452 ||| FLEEEEING.
  4453 | D:5      | 4453 ||| FLEEEEING.
  4454 | D:5      | 4454 ||| FLEEEEING.
  4596 | D:5      | 4596 ||| DROPPING +0 ring mail.
  4597 | D:5      | 4597 ||| READING scroll labelled RAOBBO WOAMIUTI.
  4598 | D:5      | 4598 ||| READING scroll labelled LIBRENIDIDGH.
  4604 | D:5      | 4604 ||| READING 2 scrolls of identify.
  4604 | D:5      | 4604 ||| IDENTIFYING lumpy red potion
  4605 | D:5      | 4605 ||| DROPPING potion of brilliance.
  4636 | D:5      | Identified the +7 arbalest of an ice cave {drain, rElec
                  | Str+4}
  4638 | D:5      | 4638 ||| SWAPPING to +7 arbalest of an ice cave {drain,
                  | rElec Str+4}.
  4639 | D:5      | 4639 ||| DROPPING +0 shortbow.
  4728 | D:6      | 4728 ||| PLANNING SEWER
  4829 | D:6      | Found a glowing drain.
  4834 | Sewer    | Entered a sewer
  4862 | Sewer    | Reached skill level 10 in Ranged Weapons
  4912 | Sewer    | 4912 ||| Stepping ~*~*~tactically~*~*~ (water).
  4929 | Sewer    | 4929 ||| Stepping ~*~*~tactically~*~*~ (water).
  4931 | Sewer    | 4931 ||| Stepping ~*~*~tactically~*~*~ (water).
  4933 | Sewer    | 4933 ||| Stepping ~*~*~tactically~*~*~ (water).
  4981 | Sewer    | Reached XP level 9. HP: 55/55 MP: 9/9
  5019 | Sewer    | 5019 ||| Stepping ~*~*~tactically~*~*~ (water).
  5116 | Sewer    | 5116 ||| Stepping ~*~*~tactically~*~*~ (water).
  5341 | Sewer    | 5341 ||| READING scroll labelled HOASOTW IPEIXA.
  5389 | D:6      | 5389 ||| PLANNING D:1-11
  5435 | D:6      | Reached skill level 3 in Dodging
  5567 | D:6      | Noticed Pikel
  5568 | D:6      | 5568 ||| RETREATING.
  5572 | D:6      | Killed Pikel
  6146 | D:6      | 6146 ||| DROPPING +2 leather armour of Qihod {Int+2}.
  6147 | D:6      | 6147 ||| DROPPING ring of magical power.
  6148 | D:6      | 6148 ||| READING 2 scrolls of identify.
  6148 | D:6      | 6148 ||| IDENTIFYING fizzy emerald potion
  6163 | D:7      | 6163 ||| STAIRDANCE
  6178 | D:7      | Reached skill level 11 in Ranged Weapons
  6275 | D:7      | Noticed Menkaure
  6277 | D:7      | 6277 ||| FLEEEEING.
  6278 | D:7      | 6278 ||| FLEEEEING.
  6283 | D:7      | Killed Menkaure
  6339 | D:7      | 6339 ||| Stepping ~*~*~tactically~*~*~ (outnumbered).
  6341 | D:7      | 6341 ||| Stepping ~*~*~tactically~*~*~ (outnumbered).
  6343 | D:7      | 6343 ||| Stepping ~*~*~tactically~*~*~ (outnumbered).
  6400 | D:7      | Reached XP level 10. HP: 64/64 MP: 10/10
  6414 | D:7      | Reached skill level 12 in Ranged Weapons
  6597 | D:7      | 6597 ||| Stepping ~*~*~tactically~*~*~ (outnumbered).
  6602 | D:7      | 6602 ||| Stepping ~*~*~tactically~*~*~ (outnumbered).
  6682 | D:7      | 6682 ||| RETREATING.
  6684 | D:7      | 6684 ||| Stepping ~*~*~tactically~*~*~ (retreating).
  6686 | D:7      | 6686 ||| Stepping ~*~*~tactically~*~*~ (retreating).
  6688 | D:7      | 6688 ||| Stepping ~*~*~tactically~*~*~ (outnumbered).
  6690 | D:7      | 6690 ||| Stepping ~*~*~tactically~*~*~ (retreating).
  6702 | D:7      | HP: 11/64 [gnoll/+0 spear[a gnoll bouda] (8)]
  6702 | D:7      | Killed from afar by an orc priest

Levels and vault maps discovered:
D:1:      minmay_arrival_jagged, layout_basic, serial_shops, shop,
          feat_on_display
D:2:      layout_basic, minmay_cut_off, uniq_natasha, uniq_robin
D:3:      layout_loops_cross, minivault_25, minmay_liquid_box, uniq_terence,
          uniq_crazy_yiuf_cottage, uniq_grinder
D:4:      layout_basic, minmay_temple_entry_waves
D:5:      minmay_clustersquares, layout_basic, serial_shops, shop
D:6:      layout_loops_ring, lightli_sewer_entry_pipes, minmay_misc_feat_x,
          item_on_display_a, uniq_pikel
D:7:      kennysheep_seaside_town, layout_basic, uniq_menkaure
Temple:   nicolae_temple_ecumenical_triangle

Skill      XL: |  1  2  3  4  5  6  7  8  9 10 |
---------------+-------------------------------+-----
Ranged Weapons | 5 6 7 8 10 11 12 | 12.3
Fighting       | 3 4 5 6 8 |  8.0
Armour         | 1 2 |  2.7
Dodging        | 2 3 4 |  4.0
Stealth        | |  1.1

Action                     |  1- 3 |  4- 6 |  7- 9 | 10-12 || total
---------------------------+-------+-------+-------+-------++-------
   Fire: Shortbow          |   122 |   175 |   252 |       ||   549
         Arbalest          |       |       |   135 |    53 ||   188
    Use: Scroll            |     3 |     6 |     7 |       ||    16
         Potion            |     1 |     3 |     1 |       ||     5
 Armour: Leather armour    |    15 |    25 |       |       ||    40
         Robe              |       |    26 |    65 |    32 ||   123
  Dodge: Dodged            |    28 |    56 |   175 |   111 ||   370

Table legend:
 A = Non-vault XP
 B = Vault XP
 C = Vault XP percentage of total XP
 D = Non-vault monster count
 E = Vault monster count
 F = Vault count percentage of total count
                 A         B        C        D         E       F
            +---------+---------+-------+---------+---------+-------
      Total |    3858 |    2172 |  36.0 |     145 |      56 |  27.9
            +---------+---------+-------+---------+---------+-------
        D:1 |      38 |       0 |   0.0 |      24 |       0 |   0.0
        D:2 |     155 |      67 |  30.2 |      23 |      10 |  30.3
        D:3 |     100 |     285 |  74.0 |      27 |       2 |   6.9
        D:4 |     212 |       0 |   0.0 |       9 |       0 |   0.0
        D:5 |     772 |     284 |  26.9 |      21 |       8 |  27.6
        D:6 |     921 |     724 |  44.0 |      14 |      11 |  44.0
        D:7 |    1660 |     537 |  24.4 |      27 |       9 |  25.0
      Sewer |       0 |     275 | 100.0 |       0 |      16 | 100.0
            +---------+---------+-------+---------+---------+-------
